 Dungeon Crawl Stone Soup version 0.19.5 (webtiles) character file.

773877 MydosGodOfBeginnings the Slayer (level 27, -4/240 HPs)
             Began as a Mummy Fighter on Apr 28, 2017.
             Was the Champion of Okawaru.
             Killed from afar by an iron dragon (36 damage)
             ... with a spray of metal splinters
             ... on level 12 of a ziggurat on Apr 29, 2017.
             The game lasted 10:51:27 (92445 turns).

MydosGodOfBeginnings the Slayer (Mummy Fighter)    Turns: 92445, Time: 10:51:28

Health: -4/240     AC: 35    Str: 37      XL:     27
Magic:  32/32      EV: 11    Int:  8 (10) God:    Okawaru [******]
Gold:   6560       SH: 31    Dex: 11      Spells: 0 memorised, 26 levels left

rFire  + + .     SeeInvis +     c - +10 morningstar "Tifomido" {flame, rElec rN+++ Str+4 Dex-5}
rCold  + + .     Gourm    .     R - +10 crystal plate armour of Wasted Space {*Corrode rPois rN+ Dex+2}
rNeg   + + +     Faith    +     r - +2 large shield {rC+ rF+}
rPois  ∞         Spirit   .     s - +0 helmet of Purpose {*Drain rPois Regen+ SInv}
rElec  +         Reflect  .     f - +5 cloak of Jaupe {Regen+ Int+3}
rCorr  .         Harm     .     V - +2 pair of gloves {Str+3}
MR     +++..                    y - +2 pair of boots {run}
Stlth  ..........               O - amulet of faith
                                u - ring of protection from fire
                                K - ring "Fejet" {*Drain rElec rPois rF+}

@: about to teleport, heroism, finesse, corroded, studying Axes, quick
A: no food or potions, fire vulnerability, cold resistance 1, negative energy
resistance 3, torment resistance, unbreathing, in touch with death 2
a: Heroism, Finesse, Renounce Religion
}: 5/15 runes: serpentine, barnacled, slimy, silver, abyssal


You were on level 12 of a ziggurat.
You worshipped Okawaru.
Okawaru was exalted by your worship.
You were not hungry.

You visited 14 branches of the dungeon, and saw 56 of its levels.
You visited the Abyss 4 times.
You visited 1 bazaar.
You visited 1 ziggurat, and saw 12 of its levels.
You also visited: Labyrinth and Ice Cave.

You collected 8742 gold pieces.
You spent 2182 gold pieces at shops.

Inventory:

Hand Weapons
 c - the +10 morningstar "Tifomido" (weapon) {flame, rElec rN+++ Str+4 Dex-5}
   (Okawaru gifted it to you in the Vestibule of Hell)

   It has been specially enchanted to burn those struck by it, causing extra
   injury to most foes and up to half again as much damage against particularly
   susceptible opponents.
   It affects your strength (+4).
   It affects your dexterity (-5).
   It insulates you from electricity.
   It renders you almost immune to negative energy.
 M - a +9 morningstar of protection
Armour
 f - the +5 cloak of Jaupe (worn) {Regen+ Int+3}
   (Okawaru gifted it to you in an ice cave)

   It affects your intelligence (+3).
   It increases your rate of regeneration.
 r - a +2 large shield of resistance (worn)
 s - the +0 helmet of Purpose (worn) {*Drain rPois Regen+ SInv}
   (You found it on level 10 of the Dungeon)

   It protects you from poison.
   It lets you see invisible.
   It increases your rate of regeneration.
   It causes draining when unequipped.
 y - a +2 pair of boots of running (worn)
 R - the +10 crystal plate armour of Wasted Space (worn) {*Corrode rPois rN+ Dex+2}
   (You acquired it on level 4 of the Depths)

   It affects your dexterity (+2).
   It protects you from poison.
   It protects you from negative energy.
   It may corrode you when you take damage.
 V - a +2 pair of gloves of strength (worn)
Rods
 b - a +9 rod of clouds (7/16)
   (You bought it in a shop on level 1 of the Depths)
 G - a +3 rod of shadows (12/12)
   (You found it on level 3 of a ziggurat)
 I - a +1 iron rod (13/13)
   (You found it on level 7 of a ziggurat)
 P - a +5 rod of clouds (4/9)
   (You found it on level 11 of a ziggurat)
Jewellery
 o - an uncursed ring of resist corrosion
 q - a cursed -3 ring of protection
 u - a ring of protection from fire (right hand)
 w - an uncursed ring of flight
 x - an uncursed ring of see invisible
 K - the ring "Fejet" (left hand) {*Drain rElec rPois rF+}
   (You found it in a labyrinth)

   [ring of protection from fire]

   It protects you from fire.
   It insulates you from electricity.
   It protects you from poison.
   It causes draining when unequipped.
 N - a +2 ring of strength
 O - an amulet of faith (around neck)
 X - the amulet of Suspicion {Faith rN+ Str-3 Int+4}
   (You found it on level 9 of a ziggurat)

   [amulet of faith]

   It allows you to gain divine favour quickly.
   It affects your strength (-3).
   It affects your intelligence (+4).
   It protects you from negative energy.
Wands
 t - a wand of teleportation (7/9)
 D - a wand of digging (15/24)
 F - a wand of acid (5/15)
 H - a wand of hasting (7/9)
 Q - a wand of disintegration (5/24)
 U - a wand of heal wounds (2/9)
 Z - a wand of heal wounds (6/9)
Scrolls
 a - 2 scrolls of torment
 e - 13 scrolls of fog
 g - 18 scrolls of remove curse
 h - 9 scrolls of blinking
 i - 19 scrolls of teleportation
 k - 6 scrolls of recharging
 m - 4 scrolls of silence
 p - 42 scrolls of identify
 v - a scroll of summoning
 J - 11 scrolls of fear
 L - 7 scrolls of magic mapping
Books
 C - a manual of Axes
Miscellaneous
 d - 2 boxes of beasts
 j - the horn of Geryon
 l - a disc of storms
 n - a disc of storms
 z - a lamp of fire
 A - a phial of floods
 B - a fan of gales
 E - 3 sacks of spiders
 S - 2 phantom mirrors
 T - a phial of floods


   Skills:
 - Level 24.7(27) Fighting
 - Level 17.2(22.2) Maces & Flails
 - Level 23.7(27) Armour
 + Level 22.0(27) Shields
 - Level 11.0 Invocations
 * Level 13.0 Evocations


You had 26 spell levels left.
You didn't know any spells.

Dungeon Overview and Level Annotations

Branches:
Dungeon (15/15)            Temple (1/1) D:7            Lair (6/6) D:9
 Shoals (4/4) Lair:3        Snake (4/4) Lair:4        Slime (5/5) Lair:6
    Orc (2/2) D:9             Elf (3/3) Orc:2        Vaults (5/5) D:13
  Crypt (3/3) Vaults:2       Tomb (0/3) Crypt:3      Depths (5/5) D:15
   Hell (1/1)                 Dis (0/7) Hell            Geh (0/7) Hell
    Coc (1/7) Hell            Tar (0/7) Hell            Zot (1/5) Depths:5

Altars:
Ashenzari
Cheibriados
Dithmenos
Elyvilon
Fedhas
Gozag
Hepliaklqana
Kikubaaqudgha
Makhleb
Nemelex Xobeh
Okawaru
Qazlal
Ru
Sif Muna
Trog
Uskayaw
Vehumet
Xom
Yredelemnul
Zin
The Shining One
Beogh

Shops:
D:8 *   D:15 (   Orc:2 ([**   Elf:3 %   Shoals:4 *   Snake:4 =}=   Vaults:2 [
Depths:1 }

Portals:
Hell: Depths:1 Depths:2 Depths:3 Depths:4 Depths:5
Abyss: Depths:4
Pandemonium: Depths:3


Innate Abilities, Weirdness & Mutations

You do not eat or drink.
Your flesh is vulnerable to fire.
You are immune to poison.
Your flesh is cold resistant. (rC+)
You are immune to negative energy. (rN+++)
You are immune to unholy pain and torment.
You can survive without breathing.
You are strongly in touch with the powers of death.


Message History

The crystal bolt freezes you! You resist.
* * * LOW HITPOINT WARNING * * *
The crystal bolt freezes the crystal guardian.
The crystal guardian completely resists.
Zapping:
U - a wand of heal wounds (3/9)
Press: ? - help, Shift-Dir - straight line, f - you You feel much better.
This wand has 2 charges left.
The iron giant is engulfed in roaring flames.
You block the iron dragon's attack. x3; The crystal guardian hits you!
* * * LOW HITPOINT WARNING * * *
Unknown command.
You hit the crystal guardian.
The crystal guardian is lightly damaged.
The war gargoyle is engulfed in roaring flames.
The iron giant is engulfed in roaring flames.
You hit the crystal guardian but do no damage.
The crystal guardian is lightly damaged.
The iron dragon breathes metal splinters at you.
The spray of metal splinters hits you!
You die...

.............▓▓
..............▓▓
...........§§§§▓▓
...........§§§§.▓
............§§§§▓
...#...#...§§§§§▓
.9..........§.§8▓▓
.......w....§§C8@▓
............§.§D▓▓
...#...#...§.§§9▓
....1.......§§§§▓
...9.......§§.§.▓
............§§.▓▓
..............▓▓
.............▓▓
............▓▓


You could see an iron giant, an iron golem, an iron dragon, a crystal guardian
and a war gargoyle.

Vanquished Creatures
  the Royal Jelly (Slime:5)
  4 ancient liches
  An orb of fire (Depths:5)
  Mara (Vaults:4)
  3 juggernauts
  Mennas (Vaults:2)
  Sojobo (Crypt:3)
  Boris (twice) (Depths:5 Vaults:4)
  Saint Roka (Vaults:1)
  Frederick (Depths:4)
  Margery (Crypt:3)
  Xtahua (Vaults:3)
  2 caustic shrikes
  5 golden dragons
  2 profane servitors
  Geryon (Hell)
  Jory (Crypt:3)
  An iron giant (Zig:2)
  7 bone dragons
  Jorgrun (Elf:2)
  8 liches
  5 tentacled monstrosities
  Rupert (D:13)
  5 Hell Sentinels
  8 deep elf blademasters
  3 titans
  Asterion (Vaults:3)
  A quicksilver dragon (Vaults:5)
  2 deep elf master archers
  30 acid blobs
  2 storm dragons (Vaults:5)
  An Executioner (Abyss:1)
  22 tentacled starspawn
  4 ancient champions
  2 krakens
  7 sphinxes
  5 shadow dragons
  12 tengu reavers
  A thorn hunter (Abyss:3)
  4 draconian monks
  4 revenants
  10 nagarajas
  16 azure jellies
  4 draconian knights
  2 daevas (Abyss:1)
  3 balrugs
  12 frost giants
  Ilsuiw (Shoals:4)
  9 fire giants
  An orc warlord (Orc:2)
  6 deep elf sorcerers
  2 iron dragons
  5 cacodemons
  17 vault wardens
  An emperor scorpion (shapeshifter) (Depths:5)
  2 draconian zealots (Zig:10)
  Aizul (Snake:1)
  21 ironheart preservers
  4 curse skulls
  2 draconian scorchers
  7 ghouls
  6 deep elf elementalists
  2 spriggan defenders
  An ophan (Abyss:1)
  3 reapers
  4 war gargoyles
  A draconian shifter (Depths:5)
  4 entropy weavers
  26 very ugly things
  2 entropy weavers (shapeshifter)
  A draconian caller (Depths:4)
  Azrael (Elf:2)
  21 stone giants
  9 deep elf demonologists
  A green draconian (Zig:10)
  A draconian annihilator (Abyss:1)
  17 vampire knights
  A black draconian (Zig:10)
  A black sun (Zig:8)
  11 deep elf annihilators
  2 white draconians
  19 spark wasps
  A yellow draconian (Zig:10)
  2 dire elephants
  3 mottled draconians
  26 ettins
  6 eidola
  A red draconian (Abyss:1)
  25 jiangshi
  2 blizzard demons (Hell)
  2 green deaths
  2 mummy priests (Zig:6)
  10 death oozes
  14 deep elf death magi
  A crystal guardian (Zig:12)
  7 merfolk javelineers
  20 yaktaur captains
  A minotaur (Lab)
  15 fire dragons
  3 deep elf high priests
  41 vault guards
  6 merfolk impalers
  24 great orbs of eyes
  6 hydras
  Harold (D:12)
  A quicksilver dragon skeleton (Crypt:3)
  21 ice dragons
  6 spriggan air magi
  11 rakshasas
  5 catoblepae
  6 merfolk avatars
  13 naga warriors
  16 anacondas
  The ghost of Ayoxin the Cleaver, a journeyman HuBe of Trog (Orc:1)
  An anaconda (shapeshifter) (Depths:5)
  11 centaur warriors
  8 merfolk aquamancers
  26 dancing weapons
  A hell hog (Hell)
  11 deep troll shamans
  11 vampire magi
  7 death knights
  17 ogre magi
  2 orc high priests
  2 satyrs
  16 death yaks
  13 deep troll earth magi
  6 spriggan berserkers
  13 shock serpents
  7 soul eaters
  7 tengu warriors
  A hellephant zombie (Crypt:2)
  20 deep elf knights
  11 thrashing horrors
  10 naga sharpshooters
  8 sun demons
  17 wretched stars
  A titan skeleton (Crypt:1)
  3 iron trolls
  5 salamander mystics
  13 sixfirhies
  10 shadow wraiths
  33 skeletal warriors
  A ghost moth zombie (Crypt:1)
  11 glowing orange brains
  29 hell knights
  2 storm dragon skeletons
  2 death drakes (Abyss:3)
  A spatial maelstrom (Abyss:1)
  11 deep elf archers
  A spriggan druid (Elf:2)
  A spark wasp zombie (Crypt:1)
  3 anaconda zombies
  6 unseen horrors
  7 sea snakes
  29 deep trolls
  8 flayed ghosts
  4 tengu zombies
  4 shadow demons
  2 wizards
  2 shambling mangroves (Abyss:3)
  8 naga ritualists
  2 shadow dragon zombies (Vaults:5)
  3 hill giants
  A hill giant (shapeshifter) (Vaults:5)
  A lindwurm (Lair:6)
  A kraken simulacrum (Hell)
  15 necromancers
  An iron giant skeleton (Crypt:1)
  5 ironbrand convokers
  22 harpies
  11 phantasmal warriors
  76 deep elf magi
  10 orc knights
  27 ugly things
  4 mana vipers
  2 orc sorcerers
  A stone giant zombie (Hell)
  A tengu skeleton (Vaults:5)
  8 wolf spiders
  15 fauns
  19 salamanders
  13 manticores
  9 oklob plants
  5 cyclopes
  6 shining eyes
  A fire giant zombie (Vaults:5)
  A frost giant zombie (Abyss:1)
  10 sirens
  9 worldbinders
  31 black mambas
  A shock serpent zombie (Abyss:1)
  29 naga magi
  21 guardian serpents
  2 stone giant skeletons
  A spriggan zombie (Hell)
  A fire giant skeleton (Vaults:5)
  A guardian serpent (shapeshifter) (Depths:1)
  9 vault sentinels
  A titan simulacrum (Vaults:5)
  An eye of devastation (shapeshifter) (Elf:3)
  5 torpor snails
  6 water nymphs
  A black mamba (shapeshifter) (Vaults:1)
  10 spiny frogs
  6 apocalypse crabs
  4 ice statues
  8 orange demons
  A kobold demonologist (D:12)
  2 yaktaur zombies
  23 eyes of devastation
  A catoblepas zombie (Abyss:1)
  2 rime drakes (IceCv)
  A molten gargoyle (Hell)
  9 smoke demons
  4 hellions
  2 demonic crawlers (Abyss:1)
  5 spectral swamp worms (Depths:1)
  4 gargoyles
  A komodo dragon (shapeshifter) (Vaults:5)
  A yaktaur (shapeshifter) (D:14)
  A redback zombie (D:15)
  2 rime drakes (shapeshifter)
  6 centaur skeletons
  18 freezing wraiths
  An anaconda simulacrum (Hell)
  An efreet (D:15)
  43 yaktaurs
  An ice devil (Abyss:1)
  2 tormentors (Abyss:1)
  9 komodo dragons
  A yaktaur skeleton (Vaults:5)
  A human zombie (Vaults:5)
  12 ancient zymes
  A jumping spider (Vaults:2)
  A guardian mummy (Zig:6)
  6 tengu conjurers
  A hellwing (Abyss:1)
  3 red devils
  7 trolls
  A polar bear (shapeshifter) (Vaults:3)
  21 merfolk
  2 silent spectres
  A troll (shapeshifter) (Depths:4)
  28 two-headed ogres
  A meliai (shapeshifter) (Elf:3)
  A hydra zombie (Abyss:1)
  2 polar bears
  A two-headed ogre (shapeshifter) (Vaults:3)
  Grinder (D:5)
  42 large abominations
  A wind drake (shapeshifter) (Depths:3)
  21 hornets
  8 wind drakes
  19 hippogriffs
  2 hydra skeletons (Hell)
  123 slime creatures
  2 bog bodies
  2 alligator zombies (Hell)
  19 blink frogs
  9 snapping turtles
  An ettin zombie (Vaults:2)
  29 raiju
  A guardian serpent zombie (Crypt:2)
  A meliai zombie (D:15)
  9 dream sheep
  A fire giant simulacrum (Vaults:5)
  A deep troll zombie (Hell)
  56 flying skulls
  Sigmund (D:2)
  9 shadows
  7 redbacks (Depths:5)
  6 vampires
  3 fire dragon zombies (Hell)
  5 spriggans
  40 yaks
  A tarantella (Vaults:2)
  48 starcursed masses
  14 ynoxinuls
  6 wyverns
  An ice dragon skeleton (Crypt:2)
  9 air elementals
  An ushabti (Zig:6)
  3 basilisks
  3 fire bats (Abyss:1)
  25 water elementals
  10 fire elementals
  8 golden eyes
  12 wraiths
  A black mamba skeleton (Crypt:1)
  A catoblepas simulacrum (Crypt:3)
  6 chaos spawn
  5 hungry ghosts
  12 neqoxecs
  A vampire mosquito (D:13)
  3 human simulacra
  A spatial vortex (Abyss:1)
  6 insubstantial wisps (Abyss:1)
  A mottled dragon (Vaults:1)
  69 nagas
  45 small abominations
  8 wargs
  A spiny frog zombie (Coc:1)
  A soldier ant (shapeshifter) (Vaults:3)
  A water moccasin (shapeshifter) (Depths:3)
  12 porcupines
  21 water moccasins
  3 floating eyes
  9 hell hounds
  A deep troll skeleton (Vaults:3)
  53 orc warriors
  17 ice beasts
  An eye of draining (shapeshifter) (Vaults:1)
  A sky beast (D:10)
  A black bear (Elf:2)
  A snapping turtle zombie (Crypt:1)
  An alligator simulacrum (Hell)
  An ettin simulacrum (Vaults:3)
  5 necrophages
  A phantom (D:8)
  3 hornet zombies
  14 eyes of draining
  48 ogres
  15 boggarts
  A manticore skeleton (Abyss:3)
  10 wolves
  13 centaurs
  An elf skeleton (Vaults:3)
  A centaur (shapeshifter) (Depths:3)
  A blink frog skeleton (Crypt:2)
  10 crocodiles
  6 big kobolds
  A gnoll sergeant (D:9)
  A bullfrog (shapeshifter) (D:12)
  21 bullfrogs
  4 earth elementals
  A wyvern zombie (D:13)
  2 human skeletons
  A spiny frog simulacrum (Hell)
  A deep troll simulacrum (Vaults:2)
  A hippogriff skeleton (Crypt:1)
  5 scorpions
  A snapping turtle simulacrum (Abyss:1)
  A water moccasin skeleton (D:6)
  11 killer bees
  18 wights
  7 electric eels
  2 howler monkeys
  12 crimson imps
  5 quasits (Abyss:1)
  4 centaur zombies
  A jelly (shapeshifter) (Vaults:5)
  8 iron imps
  3 jellies
  27 orc priests
  14 hounds
  43 orc wizards
  A hell rat (shapeshifter) (Elf:3)
  5 iguanas
  14 worker ants
  11 hell rats
  A lightning spire (Zig:12)
  2 deep dwarf zombies
  A demigod skeleton (Crypt:2)
  2 hound zombies
  3 mummies (Zig:6)
  3 worker ant zombies
  9 gnolls
  16 adders
  4 shadow imps
  17 white imps
  7 ufetubi
  2 oozes
  A worm zombie (Crypt:1)
  3 adder skeletons
  2 adder zombies
  3 worms
  5 dart slugs
  4 leopard geckos
  138 orcs
  3 ball pythons
  4 bats
  A giant cockroach (D:1)
  14 goblins
  6 hobgoblins
  9 jackals
  33 kobolds
  3 quokkas
  2 frilled lizards
  A frilled lizard skeleton (Crypt:1)
  A jackal skeleton (Crypt:2)
  An orc skeleton (Crypt:1)
  3 quokka skeletons
  7 rats
  A butterfly (D:8)
  A lurking horror (Abyss:1)
  2 plants
  24 starspawn tentacles
  9 tentacles
3343 creatures vanquished.

Vanquished Creatures (collateral kills)
  A draconian shifter (Zig:5)
  A yellow draconian (Zig:5)
  A white draconian (Zig:5)
  A spiny frog (Lair:4)
  A komodo dragon (Lair:4)
  A guardian mummy (Zig:6)
  A frost giant simulacrum (Zig:6)
  A flying skull (Zig:6)
  2 ushabtiu (Zig:6)
  2 mummies (Zig:6)
12 creatures vanquished.

Vanquished Creatures (others)
  A deep elf master archer (Elf:3)
  A tentacled starspawn (Abyss:1)
  A stone giant (Vaults:5)
  Nessos (D:14)
  A merfolk javelineer (Shoals:4)
  4 yaktaur captains
  A centaur warrior (Vaults:2)
  A satyr (Shoals:3)
  3 naga sharpshooters
  A deep elf knight (Elf:3)
  5 deep elf archers
  A deep elf mage (Zig:9)
  A cyclops (D:12)
  2 manticores
  A vault sentinel (Vaults:2)
  9 yaktaurs
  2 red devils (Hell)
  A troll (Vaults:1)
  3 air elementals
  A redback (Depths:5)
  A fire elemental (Elf:3)
  A hell hound (Hell)
  An orc warrior (Vaults:5)
  A boggart (Vaults:1)
  8 centaurs
  A howler monkey (D:8)
  An adder (Snake:2)
  An orc (D:8)
  A quokka (D:8)
  A kobold (D:13)
  A butterfly (D:8)
  15 fungi
  43 plants
  38 starspawn tentacles
  43 tentacles
198 creatures vanquished.

Grand Total: 3553 creatures vanquished

Notes
Turn   | Place    | Note
-------+----------+-------------------------------------------
     0 | D:1      | MydosGodOfBeginnings the Mummy Fighter began the quest for the Orb.
     0 | D:1      | Reached XP level 1. HP: 18/18 MP: 1/1
   186 | D:1      | Reached XP level 2. HP: 24/24 MP: 2/2
   325 | D:1      | Reached XP level 3. HP: 27/29 MP: 3/3
   663 | D:2      | You fall through a shaft for 2 floors!
  1218 | D:2      | Reached XP level 4. HP: 23/35 MP: 4/4
  1373 | D:2      | Noticed Sigmund
  1767 | D:2      | Killed Sigmund
  1767 | D:2      | Reached skill level 5 in Maces & Flails
  1767 | D:2      | Reached XP level 5. HP: 33/41 MP: 5/5
  2253 | D:3      | Reached XP level 6. HP: 40/47 MP: 6/6
  2978 | D:4      | Got a crude chain mail
  2979 | D:4      | Identified the +1 chain mail of the Flute {*Corrode +Fly rC+ Int+3} (You found it on level 4 of the Dungeon)
  3742 | D:5      | Entered Level 5 of the Dungeon
  3751 | D:5      | Found a basalt altar of Yredelemnul.
  3757 | D:5      | Found a bloodstained altar of Trog.
  3763 | D:5      | Found a glowing silver altar of Zin.
  3764 | D:5      | Found a shattered altar of Ashenzari.
  3911 | D:5      | Found a snail-covered altar of Cheibriados.
  3956 | D:5      | Reached XP level 7. HP: 12/52 MP: 7/7
  4864 | D:6      | Reached XP level 8. HP: 57/58 MP: 8/8
  5326 | D:6      | Found an ancient bone altar of Kikubaaqudgha.
  5410 | D:6      | Noticed Grinder
  5435 | D:5      | Killed Grinder
  7037 | D:7      | Reached skill level 10 in Maces & Flails
  7037 | D:7      | Reached XP level 9. HP: 49/63 MP: 9/9
  7113 | D:7      | Found a staircase to the Ecumenical Temple.
  7126 | Temple   | Entered the Ecumenical Temple
  7340 | Temple   | Became a worshipper of Warmaster Okawaru
  7918 | D:7      | Reached * piety under Okawaru
  9441 | D:8      | Found a shimmering altar of Xom.
  9504 | D:8      | Found Kugo Sea's Demolitions Depot.
  9912 | D:8      | Reached ** piety under Okawaru
 10945 | D:8      | Reached XP level 10. HP: 56/70 MP: 10/10
 12178 | D:9      | Found a staircase to the Lair.
 12339 | D:9      | Reached skill level 5 in Shields
 12721 | D:9      | Reached *** piety under Okawaru
 13483 | D:9      | Found a staircase to the Orcish Mines.
 13527 | D:10     | Entered Level 10 of the Dungeon
 13584 | Lair:1   | Entered Level 1 of the Lair of Beasts
 13584 | Lair:1   | Noticed a spiny frog
 13587 | Lair:1   | Noticed a spiny frog
 13601 | D:9      | Killed a spiny frog
 13639 | D:9      | Killed a spiny frog
 13717 | Lair:1   | Reached **** piety under Okawaru
 13947 | D:9      | Reached XP level 11. HP: 62/75 MP: 11/11
 15269 | Lair:1   | Reached skill level 4 in Fighting
 16618 | Lair:2   | Received a gift from Okawaru
 17216 | Lair:2   | Reached skill level 5 in Fighting
 17328 | Lair:2   | Reached ***** piety under Okawaru
 17386 | Lair:2   | Reached skill level 10 in Shields
 18119 | Lair:3   | Reached skill level 6 in Fighting
 18799 | Lair:3   | Received a gift from Okawaru
 19124 | Lair:3   | Reached XP level 12. HP: 86/89 MP: 12/12
 19271 | Lair:3   | Found a staircase to the Shoals.
 19961 | Lair:4   | Reached skill level 7 in Fighting
 20026 | Lair:4   | Noticed a five-headed hydra
 20044 | Lair:4   | HP: 3/91 [five-headed hydra (6)]
 20863 | Lair:4   | Killed a five-headed hydra
 20863 | Lair:4   | Received a gift from Okawaru
 21143 | Lair:4   | Noticed a seven-headed hydra
 21155 | Lair:4   | Killed a seven-headed hydra
 21604 | Lair:4   | Found a staircase to the Snake Pit.
 22382 | Lair:5   | Noticed a catoblepas
 22405 | Lair:5   | Killed a catoblepas
 23180 | Lair:6   | Entered Level 6 of the Lair of Beasts
 24305 | Lair:6   | Noticed a catoblepas
 24347 | Lair:6   | Killed a catoblepas
 24370 | Lair:6   | Noticed a death yak
 24371 | Lair:6   | Noticed a catoblepas
 24435 | Lair:6   | Killed a catoblepas
 24565 | Lair:6   | Killed a death yak
 24565 | Lair:6   | Gained mutation: You are in touch with the powers of death. [Mummy growth]
 24565 | Lair:6   | Reached XP level 13. HP: 47/96 MP: 9/13
 25363 | Lair:6   | Received a gift from Okawaru
 27621 | Lair:6   | Received a gift from Okawaru
 27843 | Lair:6   | Reached skill level 5 in Armour
 28026 | Lair:6   | Reached skill level 8 in Fighting
 29630 | Lair:6   | Noticed a dire elephant
 29665 | Lair:6   | Killed a dire elephant
 29665 | Lair:6   | Reached XP level 14. HP: 83/106 MP: 7/14
 30044 | D:10     | Found a shattered altar of Ashenzari.
 30488 | D:10     | Got a crude helmet
 30504 | D:10     | Identified the +0 helmet of Purpose {*Drain rPois Regen+ SInv} (You found it on level 10 of the Dungeon)
 31847 | D:11     | Received a gift from Okawaru
 32139 | D:12     | Found a labyrinth entrance.
 32164 | Lab      | Entered a labyrinth
 32327 | Lab      | Got a bound wooden ring
 32327 | Lab      | Got a smoking bone ring
 32331 | Lab      | Identified the ring "Peceseuv" {MR+ Str+5} (You found it in a labyrinth)
 32333 | Lab      | Identified the ring "Fejet" {*Drain rElec rPois rF+} (You found it in a labyrinth)
 32679 | D:12     | Found an iron altar of Okawaru.
 33050 | D:12     | Noticed Harold
 33065 | D:12     | Killed Harold
 33526 | Orc:1    | Entered Level 1 of the Orcish Mines
 33612 | Orc:1    | Noticed Ayoxin's ghost (journeyman HuBe)
 33633 | Orc:1    | Killed Ayoxin's ghost
 33633 | Orc:1    | Reached skill level 15 in Shields
 33936 | Orc:2    | Entered Level 2 of the Orcish Mines
 33980 | Orc:2    | Found a staircase to the Elven Halls.
 34053 | Orc:1    | Reached skill level 9 in Fighting
 34188 | Orc:2    | Found a frozen archway.
 34197 | IceCv    | Entered an ice cave
 34366 | IceCv    | Received a gift from Okawaru
 34366 | IceCv    | Reached skill level 1 in Invocations
 34369 | IceCv    | Got a pitted cloak {god gift}
 34375 | IceCv    | Identified the +5 cloak of Jaupe {Regen+ Int+3} (Okawaru gifted it to you in an ice cave)
 34918 | Orc:2    | Found a roughly hewn altar of Beogh.
 34945 | Orc:2    | Found Jeitub's General Store.
 35048 | Orc:2    | Found a roughly hewn altar of Beogh.
 35103 | Orc:2    | Found a roughly hewn altar of Beogh.
 35136 | Orc:2    | Found Heapa's General Store.
 35194 | Orc:2    | Found a roughly hewn altar of Beogh.
 35262 | Orc:2    | Found a roughly hewn altar of Beogh.
 35336 | Orc:2    | Noticed an orc warlord
 35373 | Orc:2    | Killed an orc warlord
 35373 | Orc:2    | Reached skill level 10 in Fighting
 35669 | Orc:2    | Found Vestriomm's Antique Armour Shop.
 35669 | Orc:2    | Found a roughly hewn altar of Beogh.
 35671 | Orc:2    | Found Udokadij's Antique Weapon Boutique.
 35678 | Orc:2    | Bought a pair of glowing boots for 315 gold pieces
 35683 | Orc:2    | Identified a +2 pair of boots of running (You bought it in a shop on level 2 of the Orcish Mines)
 36459 | D:13     | Found a gate to the Vaults.
 36490 | D:13     | Reached XP level 15. HP: 100/115 MP: 15/15
 36621 | D:13     | Noticed Rupert
 36640 | D:13     | Killed Rupert
 37178 | D:14     | Found a shattered altar of Ashenzari.
 37680 | D:14     | Noticed Nessos
 37684 | D:14     | Killed Nessos
 37714 | D:14     | Received a gift from Okawaru
 37877 | D:15     | Entered Level 15 of the Dungeon
 38291 | D:15     | Found a staircase to the Depths.
 38400 | D:15     | Found Ystraothy's Antique Weapon Boutique.
 38893 | Snake:1  | Entered Level 1 of the Snake Pit
 39309 | Snake:1  | Noticed Aizul
 39330 | Snake:1  | Killed Aizul
 39330 | Snake:1  | Reached ****** piety under Okawaru
 39423 | Snake:1  | Received a gift from Okawaru
 39426 | Snake:1  | Got a slimy morningstar {god gift}
 39427 | Snake:1  | Identified the +3 morningstar "Duvyebel" {crush, Fragile rPois Dex+4} (Okawaru gifted it to you on level 1 of the Snake Pit)
 39983 | Snake:2  | Noticed a nagaraja
 40080 | Snake:2  | Killed a nagaraja
 40080 | Snake:2  | Reached XP level 16. HP: 78/122 MP: 15/17
 40475 | Snake:2  | Reached skill level 15 in Maces & Flails
 40577 | Snake:2  | Got a transparent plate armour
 40588 | Snake:2  | Identified the +1 plate armour of Egainim {rElec} (You found it on level 2 of the Snake Pit)
 41396 | Snake:3  | Received a gift from Okawaru
 42282 | Snake:3  | Found a stormy altar of Qazlal.
 42398 | Snake:4  | Entered Level 4 of the Snake Pit
 42751 | Snake:3  | Reached skill level 10 in Armour
 42754 | Snake:4  | Found a hide-covered altar of Uskayaw.
 43463 | Snake:4  | Received a gift from Okawaru
 43548 | Snake:4  | Reached XP level 17. HP: 112/128 MP: 18/18
 44072 | Snake:4  | Found Ynarho's Gadget Boutique.
 44073 | Snake:4  | Found Bilic's Jewellery Emporium.
 44073 | Snake:4  | Found Ihulyo's Jewellery Emporium.
 45261 | Snake:4  | Got a serpentine rune of Zot
 45656 | Shoals:1 | Entered Level 1 of the Shoals
 46432 | Shoals:2 | Received a gift from Okawaru
 46482 | Shoals:2 | Noticed a kraken
 46512 | Shoals:2 | Killed a kraken
 46573 | Shoals:2 | Reached skill level 11 in Fighting
 47192 | Shoals:3 | Got a distressingly furry plate armour
 47203 | Shoals:3 | Identified the cursed +0 plate armour of Nuipso {Int+4 Dex+4} (You found it on level 3 of the Shoals)
 47425 | Shoals:3 | Reached XP level 18. HP: 91/140 MP: 20/20
 47569 | Shoals:3 | Reached skill level 12 in Fighting
 48067 | Shoals:3 | Received a gift from Okawaru
 48147 | Shoals:4 | Entered Level 4 of the Shoals
 48676 | Shoals:4 | Reached skill level 13 in Fighting
 48811 | Shoals:4 | Got a barnacled rune of Zot
 49185 | Shoals:4 | Noticed Ilsuiw
 49201 | Shoals:4 | Killed Ilsuiw
 49636 | Shoals:4 | Reached skill level 14 in Fighting
 49674 | Shoals:4 | Found Zadgha's General Store.
 49682 | Shoals:4 | Bought a scroll of enchant weapon for 105 gold pieces
 49998 | Elf:1    | Entered Level 1 of the Elven Halls
 50441 | Elf:1    | Received a gift from Okawaru
 50800 | Elf:1    | Identified Ynnoog's Tome of Summoning
 50942 | Elf:1    | Received a gift from Okawaru
 51247 | Elf:2    | Found a huge runed gate.
 51248 | Elf:2    | Found a huge runed gate.
 51249 | Elf:2    | Found a huge runed gate.
 51250 | Elf:2    | Found a huge runed gate.
 51251 | Elf:2    | Found a huge runed gate.
 51279 | Elf:2    | Reached skill level 15 in Fighting
 51307 | Elf:2    | Noticed Jorgrun
 51327 | Elf:2    | Killed Jorgrun
 51327 | Elf:2    | Reached XP level 19. HP: 153/155 MP: 19/21
 51335 | Elf:2    | Noticed Azrael
 51365 | Elf:2    | Killed Azrael
 51704 | Elf:2    | Received a gift from Okawaru
 51946 | Elf:2    | Reached skill level 16 in Fighting
 52367 | Elf:3    | Entered Level 3 of the Elven Halls
 52367 | Elf:3    | Found Pany's Food Emporium.
 53457 | Elf:3    | Reached skill level 17 in Fighting
 54027 | Elf:3    | Identified a +2 rod of ignition (9/9) (You took it off a deep elf sorcerer on level 3 of the Elven Halls)
 54063 | Elf:3    | Reached skill level 1 in Evocations
 54137 | Elf:3    | Received a gift from Okawaru
 54215 | Elf:3    | Cast into level 3 of the Abyss (a deep elf sorcerer)
 54215 | Abyss:3  | Found a corrupted altar of Lugonu.
 54360 | Abyss:3  | Paralysed by accursed screaming for 2 turns
 54588 | Abyss:3  | Reached XP level 20. HP: 155/170 MP: 23/23
 54680 | Abyss:3  | Reached skill level 18 in Fighting
 54708 | Elf:3    | Escaped the Abyss
 54885 | Elf:3    | Identified the Collected Works on Noxious Dislocation
 54891 | Elf:3    | Identified Hoypev's Papyrus of Arcane Weapons
 54895 | Elf:3    | Identified Banudehy's Catalogue of the Voyage
 54902 | Elf:3    | Identified the Incunabulum of Oenomania
 55043 | Elf:3    | Received a gift from Okawaru
 55057 | Elf:3    | Reached skill level 5 in Invocations
 55479 | Elf:3    | Got polished swamp dragon scales
 55506 | Elf:3    | Identified the +0 swamp dragon scales of an ice cave {rPois Regen+} (You found it on level 3 of the Elven Halls)
 55984 | Vaults:1 | Entered Level 1 of the Vaults
 56159 | Vaults:1 | Cast into level 3 of the Abyss (ironheart preserver)
 56489 | Abyss:3  | Reached skill level 19 in Fighting
 56595 | Abyss:3  | Found a corrupted altar of Lugonu.
 56598 | Abyss:3  | Found a corrupted altar of Lugonu.
 56613 | Abyss:3  | Found a corrupted altar of Lugonu.
 56888 | Abyss:3  | Got an abyssal rune of Zot
 56944 | Abyss:3  | Noticed a bone dragon
 56958 | Abyss:3  | Killed a bone dragon
 56983 | Vaults:1 | Escaped the Abyss
 57258 | Vaults:1 | Reached skill level 20 in Fighting
 57333 | Vaults:1 | Noticed Saint Roka
 57377 | Vaults:1 | Killed Saint Roka
 57410 | Vaults:1 | Received a gift from Okawaru
 57508 | Vaults:1 | Reached XP level 21. HP: 183/183 MP: 25/25
 57516 | Vaults:1 | Identified a scroll of acquirement
 58245 | Vaults:1 | Found a deep blue altar of Sif Muna.
 58457 | Vaults:1 | Found a gateway to a bazaar.
 58470 | Bazaar   | Entered a bazaar
 58470 | Bazaar   | Found Ymutax's Armour Shoppe.
 58470 | Bazaar   | Found Puenu's Food Emporium.
 58474 | Bazaar   | Found Deohuaro's Armour Shoppe.
 58488 | Bazaar   | Found Fehy's Antique Weapon Emporium.
 58496 | Bazaar   | Bought a blackened morningstar for 243 gold pieces
 58496 | Bazaar   | Identified the +6 morningstar of Inference {flame, Dex+5} (You bought it in a shop in a bazaar)
 58823 | Vaults:2 | Found a staircase to the Crypt.
 58924 | Vaults:2 | Reached skill level 21 in Fighting
 58925 | Vaults:2 | Found Fofo's Antique Armour Shoppe.
 58992 | Crypt:1  | Entered Level 1 of the Crypt
 59361 | Crypt:1  | Found a basalt altar of Yredelemnul.
 59404 | Crypt:1  | Received a gift from Okawaru
 59863 | Crypt:2  | Reached skill level 5 in Evocations
 60603 | Crypt:3  | Entered Level 3 of the Crypt
 60885 | Crypt:3  | Noticed Margery
 60899 | Crypt:3  | Killed Margery
 61100 | Crypt:3  | Found a basalt altar of Yredelemnul.
 61119 | Crypt:3  | Reached XP level 22. HP: 172/194 MP: 27/27
 61530 | Crypt:3  | Received a gift from Okawaru
 61633 | Crypt:3  | Noticed Sojobo
 61651 | Crypt:3  | Killed Sojobo
 62030 | Crypt:3  | Reached skill level 10 in Evocations
 62144 | Crypt:3  | Received a gift from Okawaru
 62145 | Crypt:3  | Noticed Jory
 62173 | Crypt:3  | Killed Jory
 62380 | Crypt:3  | Found a staircase to the Tomb.
 62392 | Crypt:3  | Identified the Tome of Combat Magic and Flames
 62583 | Crypt:3  | Reached skill level 10 in Invocations
 63819 | Vaults:2 | Received a gift from Okawaru
 64232 | Vaults:2 | Noticed Mennas
 64258 | Vaults:2 | Killed Mennas
 64718 | Depths:1 | Entered Level 1 of the Depths
 64940 | Depths:1 | Found a gateway to Hell.
 64955 | Depths:1 | Reached XP level 23. HP: 183/200 MP: 31/31
 65492 | Depths:1 | Received a gift from Okawaru
 65509 | Depths:1 | Found a sparkling altar of Nemelex Xobeh.
 65932 | Depths:1 | Found Qotreino's Gadget Emporium.
 66635 | Depths:2 | Received a gift from Okawaru
 66650 | Depths:2 | Got a scorched helmet {god gift}
 66651 | Depths:2 | Identified the +0 helmet of Sin {rC+++ Slay-3} (Okawaru gifted it to you on level 2 of the Depths)
 66691 | Depths:2 | Reached skill level 22 in Fighting
 66936 | Depths:2 | Reached skill level 15 in Armour
 67845 | Depths:3 | Found a one-way gate leading to the halls of Pandemonium.
 68112 | Depths:3 | Found a blossoming altar of Fedhas.
 68113 | Depths:3 | Found a burning altar of Makhleb.
 68113 | Depths:3 | Found a glowing golden altar of the Shining One.
 68216 | Depths:3 | Received a gift from Okawaru
 68241 | Depths:3 | Reached XP level 24. HP: 169/213 MP: 32/32
 68295 | Depths:3 | Noticed a juggernaut
 68321 | Depths:3 | Killed a juggernaut
 68321 | Depths:3 | Reached skill level 23 in Fighting
 69171 | Depths:3 | Received a gift from Okawaru
 69496 | Depths:3 | Noticed a juggernaut
 69520 | Depths:3 | Killed a juggernaut
 69639 | Depths:3 | Got a translucent pewter ring
 69644 | Depths:3 | Got a transparent lapis lazuli ring
 69723 | Depths:4 | Identified the ring of Midsummer {rC++ rN+ EV+6 Dex+4 Slay-4} (You took it off a frost giant on level 3 of the Depths)
 69725 | Depths:4 | Identified the ring "Kosisip" {rPois rC+ Str+4 Int+3} (You took it off a rakshasa on level 3 of the Depths)
 69818 | Depths:4 | Found a one-way gate to the infinite horrors of the Abyss.
 69930 | Depths:4 | Got a shimmering crystal plate armour
 69941 | Depths:4 | Identified the +10 crystal plate armour of Wasted Space {*Corrode rPois rN+ Dex+2} (You acquired it on level 4 of the Depths)
 70298 | Depths:4 | Noticed a juggernaut
 70321 | Depths:4 | Killed a juggernaut
 71010 | Depths:4 | Got a pitted plate armour
 71023 | Depths:4 | Got an encrusted cloak
 71231 | Depths:4 | Received a gift from Okawaru
 71460 | Depths:4 | Noticed Frederick
 71480 | Depths:4 | Killed Frederick
 71989 | Lair:1   | Identified the cursed +1 plate armour of the Bruised Deaths {rF+} (You found it on level 4 of the Depths)
 71991 | Lair:1   | Identified the cursed +0 cloak "Per Atoargh" {Str+3} (You found it on level 4 of the Depths)
 72325 | Depths:5 | Entered Level 5 of the Depths
 72437 | Depths:4 | Reached XP level 25. HP: 211/223 MP: 30/32
 72639 | Depths:5 | Noticed Boris
 72667 | Depths:5 | Killed Boris
 72876 | Depths:5 | Found a gate to the Realm of Zot.
 73200 | Depths:5 | Found a gateway to a ziggurat.
 74008 | Lair:6   | Found a staircase to the Slime Pits.
 74396 | Depths:1 | Bought a +6 rod of clouds (14/14) for 1519 gold pieces
 74765 | Lair:6   | Received a gift from Okawaru
 75271 | Slime:1  | Entered Level 1 of the Pits of Slime
 76127 | Slime:2  | Paralysed by a floating eye for 3 turns
 76141 | Slime:2  | Paralysed by a floating eye for 3 turns
 76149 | Slime:2  | Paralysed by a floating eye for 2 turns
 76160 | Slime:2  | Paralysed by a floating eye for 4 turns
 77561 | Slime:5  | Entered Level 5 of the Pits of Slime
 77853 | Slime:5  | Received a gift from Okawaru
 78346 | Slime:5  | Gained mutation: You are strongly in touch with the powers of death. [Mummy growth]
 78346 | Slime:5  | Reached XP level 26. HP: 127/230 MP: 30/32
 78790 | Slime:5  | Noticed the Royal Jelly
 78806 | Slime:5  | Received a gift from Okawaru
 78826 | Slime:5  | Killed the Royal Jelly
 79260 | Slime:5  | Received a gift from Okawaru
 79314 | Slime:5  | Got a pitted bronze ring
 79318 | Slime:5  | Identified Saqyuryg's Almanac of Darkness and Snow
 79349 | Slime:5  | Identified the Almanac of Captivating Talismans
 79352 | Slime:5  | Got a slimy rune of Zot
 79388 | Slime:5  | Identified Peisytoja's Reference Book on Feathery Summoning
 79728 | Lair:1   | Identified a +4 rod of shadows (12/12) (You found it on level 5 of the Pits of Slime)
 79731 | Lair:1   | Identified the ring of Suspected Treachery {*Corrode MP+9 Dex+3} (You found it on level 5 of the Pits of Slime)
 80304 | Vaults:3 | Noticed Xtahua
 80317 | Vaults:3 | Killed Xtahua
 81207 | Vaults:3 | Noticed Asterion
 81245 | Vaults:3 | Killed Asterion
 81600 | Vaults:4 | Noticed Boris
 81615 | Vaults:4 | Killed Boris
 81924 | Vaults:4 | Received a gift from Okawaru
 82248 | Vaults:4 | Noticed Mara
 82264 | Vaults:4 | Noticed MydosGodOfBeginnings's illusion
 82283 | Vaults:4 | Noticed MydosGodOfBeginnings's illusion
 82287 | Vaults:4 | Killed Mara
 82707 | Vaults:5 | Entered Level 5 of the Vaults
 82856 | Vaults:4 | Reached XP level 27. HP: 206/237 MP: 32/32
 83049 | Vaults:5 | Noticed an ancient lich
 83049 | Vaults:5 | Received a gift from Okawaru
 83072 | Vaults:5 | Paralysed by an ancient lich for 4 turns
 83075 | Vaults:5 | Killed an ancient lich
 83198 | Vaults:5 | Received a gift from Okawaru
 83462 | Vaults:5 | Got a shimmering golden ring
 83573 | Vaults:5 | Reached skill level 24 in Fighting
 84019 | Vaults:5 | Noticed an ancient lich
 84038 | Vaults:5 | Killed an ancient lich
 84038 | Vaults:5 | Received a gift from Okawaru
 84230 | Vaults:5 | Received a gift from Okawaru
 84365 | Vaults:5 | Received a gift from Okawaru
 84560 | Vaults:5 | Identified the Papyrus of Lightness
 84563 | Vaults:5 | Got a silver rune of Zot
 84885 | Lair:1   | Identified the ring "Qenk" {+Fly rN+} (You found it on level 5 of the Vaults)
 85119 | Hell     | Entered the Vestibule of Hell
 85119 | Hell     | Noticed Geryon
 85711 | Hell     | Killed Geryon
 85711 | Hell     | Received a gift from Okawaru
 85768 | Hell     | Got an ancient morningstar {god gift}
 85890 | Hell     | Identified the +10 morningstar "Tifomido" {flame, rElec rN+++ Str+4 Dex-5} (Okawaru gifted it to you in the Vestibule of Hell)
 85914 | Hell     | Found a gateway to the decaying netherworld of Tartarus.
 86047 | Hell     | Found a gateway to the ashen valley of Gehenna.
 86108 | Hell     | Found a gateway to the Iron City of Dis.
 86156 | Hell     | Found a gateway to the freezing wastes of Cocytus.
 86409 | Depths:4 | Voluntarily entered the Abyss.
 86824 | Abyss:1  | Received a gift from Okawaru
 87703 | Abyss:1  | Found a basalt altar of Yredelemnul.
 87798 | Abyss:1  | Found a shattered altar of Ashenzari.
 87992 | Abyss:1  | Received a gift from Okawaru
 88294 | Abyss:1  | Noticed an ancient lich
 88300 | Abyss:1  | Killed an ancient lich
 88494 | Abyss:1  | Received a gift from Okawaru
 88806 | Abyss:1  | Found a corrupted altar of Lugonu.
 89158 | Abyss:1  | Received a gift from Okawaru
 89270 | Abyss:1  | Noticed an ancient lich
 89285 | Abyss:1  | Killed an ancient lich
 89595 | Abyss:1  | Found a corrupted altar of Lugonu.
 89658 | Abyss:1  | Found a corrupted altar of Lugonu.
 89682 | Abyss:1  | Found a corrupted altar of Lugonu.
 89705 | Abyss:1  | Received a gift from Okawaru
 89741 | Abyss:1  | Paralysed by accursed screaming for 1 turns
 89795 | Depths:4 | Escaped the Abyss
 89826 | Depths:4 | Voluntarily entered the Abyss.
 90608 | Depths:4 | Escaped the Abyss
 90706 | Zot:1    | Entered Level 1 of the Realm of Zot
 90711 | Zot:1    | Noticed an orb of fire
 90761 | Depths:5 | Killed an orb of fire
 90889 | Coc:1    | Entered Level 1 of Cocytus
 91011 | Zig:1    | Entered Level 1 of a ziggurat
 91024 | Zig:2    | Entered Level 2 of a ziggurat
 91060 | Zig:2    | Identified the Compendium of Companions and Self-Knowledge
 91064 | Zig:3    | Entered Level 3 of a ziggurat
 91095 | Zig:3    | Identified a +3 rod of shadows (12/12) (You found it on level 3 of a ziggurat)
 91100 | Zig:4    | Entered Level 4 of a ziggurat
 91167 | Zig:5    | Entered Level 5 of a ziggurat
 91241 | Zig:6    | Entered Level 6 of a ziggurat
 91321 | Zig:7    | Entered Level 7 of a ziggurat
 91400 | Zig:7    | Identified the Reference Book on Dark Displacement
 91417 | Zig:8    | Entered Level 8 of a ziggurat
 91431 | Zig:8    | Received a gift from Okawaru
 91567 | Zig:9    | Entered Level 9 of a ziggurat
 91644 | Zig:9    | Got a scintillating lead amulet
 91695 | Zig:10   | Entered Level 10 of a ziggurat
 92038 | Zig:10   | Identified the amulet of Suspicion {Faith rN+ Str-3 Int+4} (You found it on level 9 of a ziggurat)
 92144 | Zig:11   | Entered Level 11 of a ziggurat
 92256 | Zig:11   | Identified a +5 rod of clouds (9/9) (You found it on level 11 of a ziggurat)
 92262 | Zig:12   | Entered Level 12 of a ziggurat
 92445 | Zig:12   | Killed from afar by an iron dragon

Skill      XL: |  1  2  3  4  5  6  7  8  9 10 11 12 13 14 15 16 17 18 19 20 21 22 23 24 25 26 27 |
---------------+----------------------------------------------------------------------------------+-----
Maces & Flails | 2 3 5 6 7 10 11 12 14 16 17 | 17.2
Shields        | 8 10 13 14 15 22 | 22.0
Fighting       | 6 7 8 10 11 15 17 20 21 22 23 24 | 24.7
Armour         | 7 8 9 10 12 13 14 15 17 20 22 23 | 23.7
Invocations    | 1 2 3 4 5 7 10 11 | 11.0
Evocations     | 1 7 11 12 13 | 13.0

Action                   |  1- 3 |  4- 6 |  7- 9 | 10-12 | 13-15 | 16-18 | 19-21 | 22-24 | 25-27 || total
-------------------------+-------+-------+-------+-------+-------+-------+-------+-------+-------++-------
Melee: Flail             |   110 |    12 |    90 |       |       |       |       |       |       ||   212
       Whip              |       |   172 |   524 |  1512 |  1065 |       |       |       |       ||  3273
       Morningstar       |       |       |    22 |    20 |  1472 |  2332 |  2431 |  2369 |  4875 || 13521
       Eveningstar       |       |       |       |       |    29 |       |       |       |       ||    29
Invok: Heroism           |       |       |       |    18 |    44 |    21 |    37 |    25 |    52 ||   197
       Finesse           |       |       |       |       |     3 |     3 |     8 |     4 |    15 ||    33
 Abil: Evoke Flight      |       |       |       |       |       |     5 |       |       |       ||     5
Evoke: Wand              |     1 |     5 |    20 |    20 |    18 |     4 |     3 |     4 |     4 ||    79
       Sack of spiders   |       |       |       |     2 |       |       |       |       |     2 ||     4
       Lamp of fire      |       |       |       |     1 |     1 |       |       |       |     1 ||     3
       Fan of gales      |       |       |       |     1 |       |       |       |       |       ||     1
       Rod               |       |       |       |       |       |       |     8 |       |    33 ||    41
       Horn of Geryon    |       |       |       |       |       |       |       |       |     1 ||     1
       Box of beasts     |       |       |       |       |       |       |       |       |     1 ||     1
       Phial of floods   |       |       |       |       |       |       |       |       |     1 ||     1
  Use: Scroll            |       |     8 |     3 |    13 |    14 |     9 |    10 |     6 |    19 ||    82
 Stab: Confused          |       |     2 |       |     3 |       |       |       |       |     1 ||     6
       Paralysed         |       |       |       |     3 |       |       |       |       |       ||     3
       Distracted        |       |       |       |       |       |       |     1 |     1 |     1 ||     3
       Invisible         |       |       |       |       |       |       |     4 |       |       ||     4
Armor: Scale mail        |    31 |    14 |    90 |   194 |    44 |       |       |       |       ||   373
       Leather armour    |     6 |    17 |       |       |       |       |       |       |       ||    23
       Chain mail        |       |       |       |       |    79 |       |       |       |       ||    79
       Plate armour      |       |       |       |       |   458 |   860 |   800 |   747 |       ||  2865
       Crystal plate arm |       |       |       |       |       |       |       |   125 |  2705 ||  2830
Dodge: Dodged            |    32 |    51 |    99 |   185 |   321 |   366 |   386 |   350 |   942 ||  2732
Block: Shield            |    63 |    90 |   191 |   611 |  1796 |  2056 |  1893 |  1797 |  2025 || 10522
       Reflection        |       |       |     5 |    13 |    95 |   240 |    90 |    50 |    83 ||   576
       Large shield      |       |       |       |       |       |       |       |       |  2441 ||  2441
